 Dungeon Crawl Stone Soup version 0.21-a0-442-g848f44b (webtiles) character file.

4 theanonym the Insei (level 1, 0/9 HPs)
             Began as a Vine Stalker Transmuter on Nov 16, 2017.
             Slain by a jackal (1 damage)
             ... on level 1 of the Dungeon.
             The game lasted 00:00:20 (39 turns).

theanonym the Insei (Vine Stalker Transmuter)         Turns: 39, Time: 00:00:21

Health: 0/9        AC:  2    Str: 12    XL:     1   Next: 60%
Magic:  0/4        EV: 12    Int: 13    God:
Gold:   8          SH:  0    Dex: 14    Spells: 3/4 levels left

rFire    . . .     SeeInvis .     - Unarmed
rCold    . . .     Gourm    .   (no shield)
rNeg     . . .     Faith    .   b - +0 robe
rPois    .         Spirit   +   (no helmet)
rElec    .         Reflect  .   (no cloak)
rCorr    .         Harm     .   (no gloves)
MR       .....                  (boots currently unavailable)
Stlth    +.........             (no amulet)
HPRegen  0.03/turn              (no ring)
MPRegen  0.09/turn              (no ring)

@: appendage, very slightly contaminated
A: fangs 2, talons 3, magic shield, antimagic bite, no potion heal 3, rot
immunity
a: End Transformation


Innate Abilities, Weirdness & Mutations

You have extremely sharp teeth.
When hurt, damage is shared between your health and your magic reserves.
Your bite disrupts and absorbs the magic of your enemies.
Potions cannot restore your health.
You are immune to rotting.
You have claws for feet.


   Skills:
 - Level 0.8 Fighting
 - Level 1.5 Dodging
 + Level 3.1 Unarmed Combat
 + Level 2.3 Spellcasting
 + Level 2.1 Transmutations


You had 3 spell levels left.
You knew the following spells:

 Your Spells              Type           Power        Failure   Level  Hunger
q - Beastly Appendage     Tmut           #.....       11%         1    #......

Action                   || total
-------------------------++-------
Melee: Unarmed           ||    12
       Bite              ||     3
       Kick              ||     1
 Cast: Beastly Appendage ||     1
Armor: Robe              ||     5
Dodge: Dodged            ||    31

Inventory:

Missiles
 a - 12 arrows
Armour
 b - a +0 robe (worn)
Books
 c - a book of Changes

   Spells                             Type                      Level
   a - Beastly Appendage              Transmutation                1
   b - Sticks to Snakes               Transmutation                2
   c - Spider Form                    Transmutation/Poison         3
   d - Ice Form                       Ice/Transmutation            4
   e - Blade Hands                    Transmutation                5
Comestibles
 d - a bread ration

Dungeon Overview and Level Annotations

Branches:
Dungeon (1/15)

Altars:


You were on level 1 of the Dungeon.
You were not hungry.
You had grown temporary talons.
You visited 1 branch of the dungeon, and saw 1 of its levels.

You collected 8 gold pieces.


Message History

Welcome, theanonym the Vine Stalker Transmuter.
Will you prevail where others failed? Will you find the Orb of Zot?
Found a staircase leading out of the dungeon.
Unknown command.
Adjust (i)tems, (s)pells, or (a)bilities?
Adjust which spell? a - Beastly Appendage Adjust to which letter? q - Beastly Appendage You found a teleport trap!
You open the door.
Found 20 stones.
A kobold comes into view.
The kobold shouts!
Found a stone staircase leading down.
There is an open door here.
You closely miss the kobold. You bite the kobold, but do no damage.
The kobold closely misses you.
You closely miss the kobold. The kobold barely misses you.
You hit the kobold.
You kill the kobold!
No target in view!
No target in view!
You see here a kobold corpse.
You now have 8 gold pieces.
There is a stone staircase leading down here.
You enter a teleport trap!
The teleport trap disappears.
Your surroundings suddenly seem different. 3 jackals come into view.
The jackal barks! x3
The jackal closely misses you. The jackal misses you.
Found a chain mail and 12 gold pieces.
A jackal comes into view.
There are monsters nearby!
You miscast Beastly Appendage.
You are very lightly contaminated with residual magic.
Strange energies run through your body.
The jackal bites you but does no damage.
The jackal bites you.
The jackal moves out of view.
The jackal misses you. The jackal barely misses you. The jackal misses you.
You take 1 damage, and have 8/9 hp.
You now have 3/4 mp.
You completely miss the jackal. You bite the jackal. You drain its power.
You feel invigorated. The jackal misses you. The jackal barely misses you.
A bat comes into view.
MP restored: 4 You hit the jackal.
You kill the jackal!
The bat moves out of view.
The jackal bites you. The jackal misses you. The jackal bites you.
The jackal barely misses you. The jackal closely misses you.
You take 3 damage, and have 5/9 hp.
MASSIVE DAMAGE!!
You now have 3/4 mp.
You are too injured to fight recklessly!
You are too injured to fight recklessly!
Your feet morph into talons.
The jackal closely misses you. The jackal bites you.
* * * LOW MAGIC WARNING * * *
The jackal closely misses you. x2
You now have 1/4 mp.
You closely miss the jackal. You claw the jackal.
The jackal closely misses you. x2; The jackal bites you.
* * * LOW MAGIC WARNING * * *
You now have 0/4 mp.
You barely miss the jackal. The jackal barely misses you.
The jackal closely misses you. The jackal misses you.
The jackal bites you but does no damage.
The jackal barely misses you.
You barely miss the jackal. You bite the jackal, but do no damage.
The jackal barely misses you.
The jackal bites you but does no damage.
The jackal barely misses you. The jackal misses you.
You hit the jackal. The jackal closely misses you. The jackal bites you.
* * * LOW HITPOINT WARNING * * *
The jackal bites you but does no damage.
You take 1 damage, and have 4/9 hp.
You closely miss the jackal. The jackal bites you.
* * * LOW HITPOINT WARNING * * *
The jackal bites you but does no damage.
The jackal closely misses you. The jackal barely misses you.
You take 1 damage, and have 3/9 hp.
You hit the jackal.
You kill the jackal!
The jackal barely misses you. The jackal bites you.
* * * LOW HITPOINT WARNING * * *
The jackal misses you.
You take 2 damage, and have 1/9 hp.
MASSIVE DAMAGE!!
You hit the jackal. Your bite misses the jackal. The jackal closely misses you.
The jackal completely misses you. The jackal bites you.
You die...

####.# .....#
.... .#####
.... .# .....
.# ..... .#
...... .#
###...... ##
#†.......
#@h......
[.....h........
......#...#####
......#...#
##.## #..$# #
#...# #####


You could see 2 jackals.

Notes
Turn   | Place    | Note
-------+----------+-------------------------------------------
     0 | D:1      | theanonym the Vine Stalker Transmuter began the quest for the Orb.
     0 | D:1      | Reached XP level 1. HP: 9/9 MP: 4/4
    36 | D:1      | HP: 4/9 [jackal (1)]
    38 | D:1      | HP: 1/9 [jackal (2)]
    39 | D:1      | Slain by a jackal

Vanquished Creatures
  2 jackals (D:1)
  A kobold (D:1)
3 creatures vanquished.
